 Dungeon Crawl Stone Soup version 0.29.1-15-g9cfb28693d (webtiles) character file.

Game seed: 3560886010081323223

9 person50605 the Conjurer (level 2, -1/20 HPs)
             Began as a Draconian Conjurer on Mar 1, 2023.
             Killed from afar by a dart slug (3 damage)
             ... with a slug dart
             ... on level 1 of the Dungeon.
             The game lasted 00:03:42 (866 turns).

person50605 the Conjurer (Draconian Conjurer)        Turns: 866, Time: 00:03:43

Health: -1/20      AC:  4    Str:  9    XL:     2   Next: 6%
Magic:  5/5        EV: 12    Int: 18    God:
Gold:   2          SH:  0    Dex:  9    Spells: 4/5 levels left

rFire   . . .      SeeInvis .   g - +0 mace
rCold   . . .      Faith    .   (no shield)
rNeg    . . .      Spirit   .   (body armour unavailable)
rPois   .          Reflect  .   (helmet restricted)
rElec   .          Harm     .   (no cloak)
rCorr   .          Rampage  .   (no gloves)
Will    .....                   (no boots)
Stlth   ++........              (no amulet)
HPRegen 0.06/turn               d - ring of wizardry
MPRegen 0.09/turn               (no ring)

@: flying
A: AC +4, unfitting armour, cold-blooded
a: no special abilities


You were on level 1 of the Dungeon.
You visited 1 branch of the dungeon, and saw 1 of its levels.

You collected 2 gold pieces.

Inventory:

Hand Weapons
 g - a +0 mace (weapon)
Missiles
 c - 6 stones
Jewellery
 d - a ring of wizardry (left hand)
Scrolls
 e - 2 scrolls of blinking {unknown}
 f - a scroll of acquirement {unknown}
Potions
 a - a potion of magic
 h - a potion of haste {unknown}


   Skills:
 + Level 1.8 Dodging
 + Level 1.7 Stealth
 + Level 0.4 Unarmed Combat
 + Level 2.0 Spellcasting
 + Level 4.3 Conjurations


You had 4 spell levels left.
You knew the following spells:

 Your Spells              Type           Power      Damage    Failure   Level
a - Magic Dart            Conj           68%        1d6       1%          1

Your spell library contained the following spells:

 Spells                   Type           Power      Damage    Failure   Level
 Searing Ray              Conj           34%        2d5       1%          2
 Dazzling Flash           Conj/Hex       18%        N/A       9%          3
 Fulminant Prism          Conj/Hex       4%         3d6       28%         4
 Iskenderun's Mystic Bla  Conj/Tloc      9%         2d4       28%         4


Dungeon Overview and Level Annotations

Branches:
Dungeon (1/15)

Altars:


Innate Abilities, Weirdness & Mutations

Your plain brown scales are hard. (AC +4)
You cannot fit into any form of body armour.
You are cold-blooded and may be slowed by cold attacks.


Message History

A kobold comes into view. It is wielding a +0 dagger.
The kobold shouts!
You barely miss the kobold. The kobold hits you with a +0 dagger.
A quokka comes into view.
You hit the kobold.
You kill the kobold!
You have reached level 2!
You barely miss the quokka. The quokka bites you.
A dart slug comes into view.
The quokka misses you.
You closely miss the quokka.
The quokka bites you but does no damage.
The quokka closely misses you.
You hit the quokka.
Your tail-slap misses the quokka.
The quokka is lightly wounded.
The quokka closely misses you.
You closely miss the quokka.
The quokka bites you but does no damage.
The quokka misses you.
You hit the quokka.
Your tail-slap misses the quokka.
The quokka is severely wounded.
The quokka bites you. The quokka misses you.
You closely miss the quokka.
The quokka is severely wounded.
The quokka closely misses you.
You miss the quokka.
The quokka is severely wounded.
The quokka bites you. x2
* * * LOW HITPOINT WARNING * * *
You hit the quokka.
You kill the quokka!
The dart slug launches a dart at you. The slug dart hits you.
* * * LOW HITPOINT WARNING * * *
It was a potion of flight.
You feel very buoyant.
You fly up into the air.
The dart slug launches a dart at you. The slug dart hits you.
You die...

#..# #..# #... #
#... ## #..# #.
#..# #. #w)# #. #@#
######.
##.##########......
#..............###.
#.######.##.#.## #.
#.# #.##.#.# ##
#.######.##.#.# #
#.............#####
########...........
######.#####


You could see a dart slug.

Vanquished Creatures
  2 giant cockroaches (D:1)
  A hobgoblin (D:1)
  A kobold (D:1)
  2 quokkas (D:1)
  A ball python (D:1)
  A rat (D:1)
8 creatures vanquished.

Vanquished Creatures (others)
  5 fungi (D:1)
5 creatures vanquished.

Grand Total: 13 creatures vanquished

Notes
Turn   | Place    | Note
-------+----------+-------------------------------------------
     0 | D:1      | person50605 the Draconian Conjurer began the quest for the
                  | Orb.
     0 | D:1      | Reached XP level 1. HP: 14/14 MP: 3/3
   857 | D:1      | Reached XP level 2. HP: 17/20 MP: 5/5
   866 | D:1      | Killed from afar by a dart slug

Illustrated notes

Levels and vault maps discovered:
D:1:      dpeg_arrival_prison, layout_basic,
          shapermc_ecumenical_altar_mp_urbaneastern, serial_shops,
          nicolae_shop_behind_doors, nicolae_figureground_pulse

Action                   || total
-------------------------++-------
Melee: Unarmed           ||    86
       Tailslap          ||    12
       Mace              ||    10
  Use: Potion            ||     1
Armor: Skin              ||    26
Dodge: Dodged            ||    61
